[Event "*** SCC Grand Prix: Titled Tuesday Blitz"]
[Site "Chess.com"]
[Date "2020.10.13"]
[Round "10"]
[White "Sesleria"]
[Black "Trickov"]
[Result "0-1"]
[WhiteElo "2026"]
[BlackElo "2362"]
[TimeControl "180+1"]
[EndTime "11:56:27 PDT"]
[Termination "Trickov won by resignation"]

1. d4 d5 2. c4 c6 3. Nc3 Nf6 4.
Nf3 dxc4 5. a4 Bf5 6. e3 e6 7.
Bxc4 Bb4 8. O-O O-O 9. Qe2 Bg6 10.
Rd1 Qe7 11. a5 a6 12. Ne5 Qc7 13. Nxg6 hxg6 14. e4 Bxa5 15. e5 Nd5 16. Ne4 Bb4 17. Qg4 Nd7 18. h4 c5 19. h5 cxd4 20. Bxd5 exd5 21.
Ng5 Nxe5 22. Qxd4 gxh5 23. Qxb4 Rad8 24. Bf4 Rfe8 25. Rac1 Qd7 26. Bxe5 Rxe5 27. Nf3 Re4 28. Qxe4 dxe4 29. Rxd7 Rxd7 30. Ng5 g6 31. Nxe4 Kg7 32.
Kf1 Rd4 33. f3 Rb4 34. Rc2 a5 35. Ke2 a4 36. Nc5 b6 37. Nd3 Rb3 38. Rc7 Kf6 39.
Kd2 a3 40. bxa3 Rxa3 41. Rc6+ Kg7 42. Rxb6 Ra2+ 43. Rb2 Ra3 44. Ke2 h4 45. Rc2 f6 46.
Rc6 Ra2+ 47. Kf1 g5 48. Nf2 f5 49. Rb6 Ra1+ 50. Ke2 Ra2+ 51. Ke1 Ra1+ 52. Nd1 Ra2 53.
Ne3 f4 54. Nf5+ Kh7 55. Kf1 Ra1+ 56. Kf2 Ra2+ 57. Kg1 Ra1+ 58. Kh2 Ra5 59. Kh3 Rxf5 60. Kg4 Ra5 61. Kh5 Kg7 62. Rb7+ Kf6 63. Rb6+ Kf5 64. Rb4 Re5 65. Rb6 Re2 66. Rb5+ Kf6 67. Rxg5 h3 68. gxh3 Rf2 69. Kg4 Rg2+ 70. Kxf4 Rxg5 71.
h4 Rf5+ 72. Kg4 Ra5 73. f4 Ra4 74. h5 Ra5 75. h6 Kg6 76. f5+ Kxh6 77. Kf4 Kg7 78. Ke4 Kf6 0-1

[Event "*** SCC Grand Prix: Titled Tuesday Blitz"]
[Site "Chess.com"]
[Date "2020.10.13"]
[Round "10"]
[White "BeanScreen"]
[Black "Castleqweenside7447"]
[Result "1/2-1/2"]
[WhiteElo "2688"]
[BlackElo "2442"]
[TimeControl "180+1"]
[EndTime "11:56:28 PDT"]
[Termination "Game drawn - insufficient material"]

1. e4 c6 2. d4 d5 3. exd5 cxd5 4.
Bd3 Nc6 5. c3 Nf6 6. Bf4 g6 7.
Nd2 Bf5 8. Bxf5 gxf5 9. Ngf3 e6 10. O-O Nh5 11. Bg5 Qc7 12. Re1 Nf4 13. Ne5 Ng6 14. Bf6 Rg8 15. Ndf3 Bd6 16. g3 Ngxe5 17. Nxe5 Nxe5 18.
dxe5 Be7 19. Qa4+ Qc6 20. Qh4 Bxf6 21. exf6 O-O-O 22. Qxh7 Rdf8 23. Qh4 Rg4 24. Qh6 Rfg8 25. Qe3 Qb6 26. Qxb6 axb6 27. a4 R8g6 28. a5 Kc7 29. axb6+ Kxb6 30. Ra8 Rxf6 31. Rf8 d4 32. Rd1 e5 33.
cxd4 Rxd4 34. Rxd4 exd4 35. Kf1 d3 36. Ke1 Re6+ 37.
Kd2 Re2+ 38. Kxd3 Rxf2 39. Rxf7 Rxh2 40. Rf6+ Kc7 41. Rxf5 Rxb2 42. g4 Rg2 43. g5 Kd6 44.
Ke4 Ke6 45. Rf6+ Ke7 46. Rf5 Ke6 47. Rb5 Kf7 48. Kf4 Rf2+ 49. Kg3 Rf1 50. Kg4 Rg1+ 51.
Kh5 Rh1+ 52. Kg4 Rg1+ 53. Kf3 Kg6 54. Kf4 Rf1+ 55. Kg3 Rg1+ 56. Kf2 Rxg5 57. Rxb7 Rf5+ 58. Kg3 Rf6 59. Rb5 Rc6 60. Kf4 Rc4+ 61. Ke5 Rg4 62. Ke6 Rg5 63. Rb8 Kh5 64. Kf6 Kg4 65. Rb4+ Kh5 66.
Rb1 Rg6+ 67. Kf7 Rg4 68. Kf6 Rg6+ 69. Kf7 Rg4 70. Rb8 Kh4 71. Kf6 Kg3 72. Kf5 Rf4+ 73. Ke5 Rf3 74. Rb4 Re3+ 75. Kf5 Rf3+ 76. Kg5 Rc3 77.
Rg4+ Kf3 78. Rf4+ Ke3 79. Kg4 Kd3 80. Rf3+ Kd4 81. Rxc3 Kxc3 1/2-1/2

[Event "*** SCC Grand Prix: Titled Tuesday Blitz"]
[Site "Chess.com"]
[Date "2020.10.13"]
[Round "10"]
[White "GM_Huschenbeth"]
[Black "C_K_G"]
[Result "0-1"]
[WhiteElo "2282"]
[BlackElo "2079"]
[TimeControl "180+1"]
[EndTime "11:56:28 PDT"]
[Termination "C_K_G won on time"]

1. e4 c5 2. Nf3 d6 3. d4 cxd4 4. Nxd4 Nf6 5. Nc3 a6 6. Bg5 e6 7. f4 Be7 8. Qf3 Nbd7 9. O-O-O Qc7 10. g4 O-O 11. Bxf6 Bxf6 12. g5 Be7 13. h4 b5 14.
Bd3 Bb7 15. h5 b4 16. Nd5 exd5 17. exd5 Nc5 18. Bxh7+ Kxh7 19. g6+ Kg8 20. Rdg1 Bf6 21. Nf5 Rac8 22. Nxg7 Bxg7 23. h6 Bxb2+ 24. Kxb2 Na4+ 25. Ka1 Qc3+ 26. Qxc3 Nxc3 27. g7 Kh7 28. gxf8=Q Rxf8 29. Rg7+ Kh8 30. Rhg1 Bxd5 31. f5 Ne4 32. Kb2 Nf6 33. R7g3 a5 34. Rd1 Re8 35. Rgd3 Re5 36. Rf1 Bc4 37. Rxd6 Bxf1 38. Rxf6 Be2 39. Rxf7 Bg4 40. f6 Bh5 41. Ra7 Rf5 42. Ra8+ Kh7 43. c3 bxc3+ 44. Kxc3 Rxf6 45. Rxa5 Kxh6 46. Ra7 Bg6 47. Kb2 Kg5 48. a3 Rf2+ 49. Kc3 Bf5 50. Ra5 Kg4 51. Ra7 Kf4 52.
Rf7 Rf3+ 53. Kb2 Ke3 54. Re7+ Be4 55. Rd7 Rf2+ 56. Kc3 Rf1 57. Kb2 Re1 58. Kc3 Re2 59. Re7 Rc2+ 60. Kb3 Rd2 61. Kc3 Rd3+ 62. Kb4 Rd4+ 63.
Kc3 Rd3+ 64. Kb4 Kd4 65. Rd7+ Bd5 66. Rd8 Rb3+ 67. Ka4 Rb1 68. Rc8 Ke5 69. Ka5 Kd6 70. Rd8+ Kc5 71. Ka6 Bc6 72. a4 Rb6+ 73. Ka5 Rb4 0-1

[Event "*** SCC Grand Prix: Titled Tuesday Blitz"]
[Site "Chess.com"]
[Date "2020.10.13"]
[Round "10"]
[White "mapleaff"]
[Black "ThePatrick27"]
[Result "1-0"]
[WhiteElo "2382"]
[BlackElo "2516"]
[TimeControl "180+1"]
[EndTime "11:56:33 PDT"]
[Termination "mapleaff won by checkmate"]

1. d4 Nf6 2. c4 g6 3. Nc3 Bg7 4. Nf3 O-O 5. Bg5 d6 6. e3 c5 7. d5 e6 8. Be2 h6 9. Bh4 a6 10. a4 Qc7 11. O-O exd5 12. cxd5 Nbd7 13. Bg3 Nh5 14.
Nd2 Nxg3 15. hxg3 Rb8 16. a5 b5 17. axb6 Rxb6 18. Nc4 Rb4 19. Qc1 Bb7 20. Na5 Ba8 21. Nc6 Bxc6 22. dxc6 Qxc6 23. Bf3 Qc8 24. Nd5 Qb8 25.
Nxb4 Qxb4 26. Rxa6 c4 27. Rc6 Ne5 28. Rc7 Qb6 29.
Rxc4 Nxc4 30. Qxc4 Qxb2 31. Be4 Qd2 32. Bxg6 d5 33.
Qd3 Qxd3 34. Bxd3 Rb8 35. Rd1 d4 36. e4 h5 37. Be2 Re8 38. Bf3 h4 39. gxh4 Be5 40. g3 Rb8 41. Kg2 Rb3 42. Be2 Rb2 43. Bd3 Bd6 44. Kg1 Ra2 45. f4 Bb4 46. e5 Bd2 47. Rf1 Be3+ 48. Kh1 Rd2 49. Be4 Re2 50. Rf3 Re1+ 51. Kg2 Kg7 52. Kh3 f6 53. exf6+ Kxf6 54. g4 Bd2 55. g5+ Ke7 56. Bd3 Be3 57. Kg4 Rd1 58. Bc4 Rc1 59. Bd3 Rd1 60. Be4 Re1 61. f5 Bc1 62. f6+ Kf8 63. Bd5 Re5 64. Bc4 Rc5 65. Bd3 Rc3 66. g6 Bh6 67. Kf5 Rc5+ 68.
Ke6 Be3 69. Kd6 Rh5 70. g7+ Kg8 71. f7+ Kxg7 72. f8=Q# 1-0

[Event "*** SCC Grand Prix: Titled Tuesday Blitz"]
[Site "Chess.com"]
[Date "2020.10.13"]
[Round "10"]
[White "poppy73"]
[Black "UmarovSabir"]
[Result "0-1"]
[WhiteElo "2228"]
[BlackElo "2360"]
[TimeControl "180+1"]
[EndTime "11:56:35 PDT"]
[Termination "UmarovSabir won by resignation"]

1. e4 g6 2. d4 Bg7 3. Nc3 c6 4. Nf3 d5 5. e5 Nh6 6. Be2 f5 7. exf6 exf6 8. O-O O-O 9. Bf4 Nf7 10. Qd2 Bg4 11. h3 Bxf3 12. Bxf3 Nd7 13. Rfe1 Re8 14. Rxe8+ Qxe8 15. Re1 Qf8 16. Na4 b5 17. Nc3 Re8 18. Rxe8 Qxe8 19. Qe2 Qxe2 20. Nxe2 f5 21. c3 a5 22. Bc7 a4 23. b3 axb3 24. axb3 Kf8 25. Nf4 Ke7 26. Nd3 Bh6 27. Kf1 Bd2 28. Ba5 Nd6 29.
Bb4 Ke6 30. Ke2 Bh6 31. g4 Ne4 32. gxf5+ gxf5 33. Bxe4 fxe4 34. Ne1 Kf5 35. Ng2 Nf6 36. Be7 Nh5 37. Nh4+ Ke6 38. Bc5 Nf4+ 39. Kf1 Bg5 40. Ng2 Nd3 41. h4 Nxc5 42. dxc5 Bd2 43. c4 bxc4 44. bxc4 dxc4 45. Ke2 c3 46. h5 Kd5 47. Nh4 Kxc5 48. Nf5 Kc4 49. Ng3 Kd4 50. Nf5+ Ke5 51. Ng3 Kf4 52. Nf1 Bc1 53. Ne3 Bxe3 54. fxe3+ Kg3 55.
Kd1 Kf3 56. Kc2 Kxe3 57. Kxc3 Kf2 58. Kc4 e3 59. Kc5 e2 60. Kxc6 e1=Q 61. Kd6 Qe4 62. Kc5 Kf3 63. Kb6 Kg4 64. Kc7 Kxh5 65. Kd6 Kg6 66. Kc5 h5 67. Kb6 h4 68. Ka7 h3 69.
Kb8 h2 0-1

[Event "*** SCC Grand Prix: Titled Tuesday Blitz"]
[Site "Chess.com"]
[Date "2020.10.13"]
[Round "10"]
[White "mr_gustavo"]
[Black "albi1999"]
[Result "0-1"]
[WhiteElo "2435"]
[BlackElo "2632"]
[TimeControl "180+1"]
[EndTime "11:56:36 PDT"]
[Termination "albi1999 won on time"]

1. e4 c6 2. Nf3 d5 3. Nc3 g6 4. d4 Bg7 5. exd5 cxd5 6. Be2 Nf6 7. O-O O-O 8. Bf4 Nc6 9. a3 e6 10. b4 Bd7 11. b5 Na5 12. Bd6 Re8 13. Ne5 Rc8 14.
Bb4 Bf8 15. Na4 Nc4 16. Bxf8 Rxf8 17. Nxd7 Nxd7 18. f4 Ne3 19. Qd2 Nxf1 20. Rxf1 Nf6 21. Nc5 b6 22. Nd3 Ne4 23. Qe3 Rxc2 24. Bd1 Rc3 25.
g4 Qh4 26. f5 exf5 27. gxf5 Qg5+ 28. Qxg5 Nxg5 29. Ne5 gxf5 30. Rxf5 Ne6 31. Bh5 f6 32. Nd7 Ng7 33. Rxd5 Rfc8 34. Nxf6+ Kh8 35. Bg4 Rf8 36. Rd6 Rxa3 37. d5 Ra4 38. h3 Rd4 39. Rc6 h5 40.
Nxh5 Nxh5 41. Rh6+ Kg7 42. Rxh5 Rd2 43. Rg5+ Kh6 44. Rh5+ Kg6 45. Re5 Rf4 46. Re6+ Kg5 47. d6 Rfd4 48. Re5+ Kf4 49. Rf5+ Kg3 50. Rf3+ Kh4 51. d7 Rc2 52. Rf5 Rcd2 53. Rf3 Rd6 54. Rf5 R6d3 55. Rf2 Kg3 56. Rxd2 Rxd2 57. Kf1 Kf4 58.
Ke1 Rd6 59. Ke2 Ke5 60. Ke3 Kd5 61. h4 Kc5 62. h5 Kxb5 63. Kf4 Kc6 64. Ke5 Kc7 65.
h6 Rxh6 66. Be6 Rh8 67. Kf6 Rd8 68. Ke7 b5 69. Bf5 a5 70. Be6 a4 71. Bf5 b4 72.
Be6 b3 73. Kf6 Kd6 74. Bf5 Rb8 0-1

[Event "*** SCC Grand Prix: Titled Tuesday Blitz"]
[Site "Chess.com"]
[Date "2020.10.13"]
[Round "10"]
[White "Ladislav1969"]
[Black "LubovMarkelova"]
[Result "1-0"]
[WhiteElo "2374"]
[BlackElo "2247"]
[TimeControl "180+1"]
[EndTime "11:56:42 PDT"]
[Termination "Ladislav1969 won by resignation"]

1. e4 e6 2. d4 d5 3. e5 c5 4. c3 Nc6 5. Nf3 Qb6 6. a3 Nh6 7. Bxh6 Qxb2 8. Be3 Qxa1 9. Qc2 cxd4 10. Nxd4 Bxa3 11.
Nb5 Bb2 12. Nc7+ Ke7 13. Bc5+ Kd7 14. Nxa8 b6 15. Bd6 Bb7 16. Nc7 Bxc3+ 17. Kd1 Bxe5 18. Bxe5 Qxe5 19. Nb5 Rc8 20. Qc3 d4 21. Qg3 Qe4 22. Bd3 Qd5 23. Qf3 Ne5 24. Qxd5+ Bxd5 25. Bc2 d3 26.
Ba4 Ke7 27. f3 Nc4 28. N5c3 Nb2+ 29. Kd2 Nxa4 30. Nxa4 Rc2+ 31. Kxd3 Rxg2 32. Nd2 Rf2 33. Ke3 Rg2 34. Nc3 Bb7 35. Ne2 e5 36. Ng3 g6 37.
Nge4 f5 38. Nf2 f4+ 39. Ke2 Ke6 40. Kf1 Rg5 41. h4 Rf5 42. Nfe4 Rf8 43. Ke2 Rc8 44.
Rb1 Ba6+ 45. Ke1 Rc2 46. Ra1 Bd3 47. Rxa7 Bxe4 48. Nxe4 h5 49. Rb7 Rb2 50. Ng5+ Kd5 51.
Ne4 b5 52. Rg7 b4 53. Rxg6 b3 54. Rb6 Rh2 55. Rxb3 Rxh4 56. Ra3 Rh3 57. Ke2 Rh2+ 58.
Kd3 Ke6 59. Ra5 h4 60. Ra6+ Kf7 61. Rh6 h3 62. Ng5+ Kg7 63. Rxh3 Rxh3 64. Nxh3 Kf6 65. Nf2 Kf5 66. Ke2 Kg5 67. Ne4+ Kf5 68. Kf2 Kg6 69.
Kg2 Kh5 70. Kh3 Kg6 71. Kg4 Kf7 72. Kf5 Ke7 73. Kxe5 Kd7 74. Kxf4 Ke7 75. Ke5 Kf7 76. f4 Ke7 77. f5 Kf7 78. f6 Kf8 79. Nd6 Kg8 80.
Ke6 Kf8 81. Nf5 Kg8 82. f7+ Kf8 83. Nd4 Kg7 84. Ke7 Kg6 85. f8=Q 1-0

[Event "*** SCC Grand Prix: Titled Tuesday Blitz"]
[Site "Chess.com"]
[Date "2020.10.13"]
[Round "10"]
[White "googlegoom"]
[Black "Morshynska"]
[Result "1/2-1/2"]
[WhiteElo "2370"]
[BlackElo "2257"]
[TimeControl "180+1"]
[EndTime "11:56:47 PDT"]
[Termination "Game drawn by agreement"]

1. Nf3 d5 2. b3 c6 3. Bb2 Bf5 4. e3 Nd7 5. d4 e6 6. Nbd2 Ngf6 7.
Be2 Bd6 8. O-O Qe7 9. a3 a5 10.
c4 h6 11. Qc1 O-O 12. Bc3 Rfc8 13. Qb2 Ne4 14. Nxe4 Bxe4 15. Nd2 Bg6 16. b4 a4 17. b5 dxc4 18. bxc6 bxc6 19. Nxc4 Bc7 20. Bb4 Qh4 21. g3 Qh3 22. Bf3 Rab8 23. Qd2 Nb6 24.
Qe2 h5 25. Nd6 Rd8 26. Ne4 Nd5 27. Bc5 e5 28. Nd2 exd4 29. Bxd4 Re8 30. Nc4 Rbd8 31. Qb2 f6 32. Bg2 Qd7 33. Rad1 Qf7 34. Bc5 Ne7 35. Qc1 Rxd1 36. Rxd1 Nf5 37. Qd2 h4 38. Qd7 Qxd7 39.
Rxd7 Bb8 40. Rb7 hxg3 41. hxg3 Bf7 42. Nb6 Be5 43. Nxa4 Ba1 44. Nb6 Bb3 45. Rd7 Rb8 46.
a4 Be6 47. Ra7 Nh6 48. Bxc6 Ng4 49. Bf3 Ne5 50. Be2 g5 51. Bd4 g4 52. Bxa1 Nf3+ 53. Bxf3 gxf3 54. Bxf6 Rxb6 55. Rg7+ Kf8 56. g4 Rb1+ 57. Kh2 Ra1 58. Kg3 Rxa4 59. Kxf3 Bd5+ 60. Kg3 Be6 61. Rg5 Ra2 62. Bd4 Kf7 63. f4 Ke7 64. f5 Bc4 65. Kf4 Rf2+ 66. Ke5 Rf1 67. Rg7+ Kf8 68. g5 Bd3 69. Kd6 Rxf5 70. Rg6 Rd5+ 71. Kxd5 Bxg6 72. Ke6 Ke8 73. Kf6 Bd3 74. Kg7 Ke7 75. g6 Ke6 76. Bc5 Be4 77. Bd4 Kf5 78. Kf7 Bd5+ 79. Kg7 Kg5 80. Kh7 Be4 81. Kg7 Bxg6 1/2-1/2

[Event "*** SCC Grand Prix: Titled Tuesday Blitz"]
[Site "Chess.com"]
[Date "2020.10.13"]
[Round "10"]
[White "Omk124"]
[Black "Shield12"]
[Result "0-1"]
[WhiteElo "2515"]
[BlackElo "2828"]
[TimeControl "180+1"]
[EndTime "11:56:55 PDT"]
[Termination "Shield12 won by resignation"]

1. e4 c5 2. Nf3 Nc6 3. d4 cxd4 4.
Nxd4 Nf6 5. Nc3 d6 6. g3 g6 7. Bg2 Nxd4 8. Qxd4 Bg7 9. O-O O-O 10. Qd3 Bd7 11.
Be3 a6 12. h3 Rc8 13. Rad1 Qa5 14. Rfe1 Rfd8 15. Bd4 Bc6 16. a3 Nd7 17. Bxg7 Kxg7 18. b4 Qg5 19. f4 Qf6 20. Ne2 Bb5 21. Qd2 Nb6 22. Nd4 Nc4 23. Qc1 Ba4 24. Rd3 e5 25. Ne2 Bb5 26. Nc3 Nb6 27. Nxb5 axb5 28. Red1 Rc6 29. fxe5 Qxe5 30. Qf4 Nc4 31. Rf1 Qxf4 32.
gxf4 Ra6 33. Ra1 Rda8 34. e5 dxe5 35. Bxb7 Rxa3 36. Raxa3 Rxa3 37. Rxa3 Nxa3 38. fxe5 Nxc2 39. Bc6 Nxb4 40. Bxb5 Nd5 41. Kf2 Kf8 42. Kf3 Ke7 43. Bc4 Nb6 44. Bb3 Nd7 45. Kf4 h6 46. h4 Nc5 47.
Bc4 Ne6+ 48. Kg4 Ng7 49. Kf4 Nf5 50. h5 Nd4 51. hxg6 fxg6 52. Ke4 Ne6 53. Ba2 Nc5+ 54.
Kd4 Nd7 55. Bb1 Nf8 56. Kd5 Ne6 57. Ke4 Nf8 58. Kf4 Kf7 59. Ba2+ Kg7 60. Kg4 h5+ 61. Kg5 Nh7+ 62. Kh4 Kh6 63. e6 g5+ 64. Kg3 Nf6 65. Bb3 Kg7 66. Kf3 Kf8 67. Bc4 Ke7 68.
Bb3 Ne8 69. Ke4 Ng7 70. Bc4 Kf6 71. e7 Kxe7 72. Ke5 h4 73. Bf1 Kf7 74. Bd3 h3 75.
Bf1 h2 76. Bg2 Kg6 77. Ke4 Kh5 78. Kf3 Kh4 79. Kf2 g4 80. Ba8 g3+ 81. Kg2 Kg4 82. Bf3+ Kf4 83. Bd1 Nf5 84. Ba4 Ne3+ 85. Kh1 Ng4 86. Kg2 Nf2 0-1

[Event "*** SCC Grand Prix: Titled Tuesday Blitz"]
[Site "Chess.com"]
[Date "2020.10.13"]
[Round "10"]
[White "catzapto"]
[Black "akanga001"]
[Result "1-0"]
[WhiteElo "2143"]
[BlackElo "1856"]
[TimeControl "180+1"]
[EndTime "11:56:55 PDT"]
[Termination "catzapto won on time"]

1. e4 c6 2. Nf3 d5 3. exd5 cxd5 4. d4 Nc6 5. c3 Nf6 6. Bd3 Bg4 7. Qb3 Qc7 8. Ne5 Nxe5 9. dxe5 Qxe5+ 10. Be3 Qc7 11. Nd2 Bd7 12. O-O e6 13. f4 Bd6 14. f5 Bxh2+ 15.
Kh1 Bd6 16. fxe6 fxe6 17. c4 O-O 18. cxd5 exd5 19. Rxf6 Rxf6 20. Qxd5+ Kh8 21. Qh5 g6 22. Qh4 Be5 23. Ne4 Rf5 24. Ng5 Rxg5 25. Bxg5 Bc6 26. Bxg6 Bxb2 27. Rb1 Be5 28. Re1 Rf8 29. Bxh7 Qxh7 30.
Qxh7+ Kxh7 31. Rxe5 Rf1+ 32. Kh2 Rf2 33. a3 Rxg2+ 34. Kh3 Kg6 35. Be7 Rg1 36. Kh2 Rh1+ 37.
Kg3 Rg1+ 38. Kh2 Rg2+ 39. Kh3 Kf7 40. Bb4 a6 41. Re7+ Kf6 42. Rc7 Rg1 43. Kh2 Rg2+ 44.
Kh3 Rc2 45. Kg3 Ke6 46. Kf4 Kd5 47. Ke3 Kc4 48. Rg7 Kb5 49. Rg5+ Ka4 50. Ra5+ Kb3 51. Rc5 Rh2 52. Rc3+ Kb2 53. Rc5 Rh3+ 54. Kd4 Rh4+ 55.
Ke3 Re4+ 56. Kd3 Rh4 57. Ke3 Rh3+ 58. Kd4 Kb3 59. Rc1 Rh4+ 60. Ke3 Re4+ 61. Kd3 Ka4 62. Rxc6 Rh4 63. Rc5 b5 64. Rc6 a5 65. Ra6 Rh3+ 66.
Kd4 Rh4+ 67. Ke3 Rh3+ 68. Kf2 Rh2+ 69. Kg1 Rh5 70. Rxa5+ Kb3 71. Ra7 Rg5+ 72. Kf2 Rf5+ 73. Ke3 Re5+ 74. Kd4 Rd5+ 75. Kxd5 Ka2 76. Kc5 Kb3 77.
Kxb5 Ka2 78. a4 Kb3 79. a5 1-0

[Event "*** SCC Grand Prix: Titled Tuesday Blitz"]
[Site "Chess.com"]
[Date "2020.10.13"]
[Round "10"]
[White "W_Amadeus"]
[Black "GameOverBro"]
[Result "1-0"]
[WhiteElo "2712"]
[BlackElo "2548"]
[TimeControl "180+1"]
[EndTime "11:56:57 PDT"]
[Termination "W_Amadeus won by checkmate"]

1. e4 d6 2. d4 Nf6 3. Nc3 e5 4. dxe5 dxe5 5. Qxd8+ Kxd8 6. Bc4 Ke8 7. Nf3 Bd6 8. Bg5 Nbd7 9. O-O-O a6 10. a4 h6 11.
Bh4 b6 12. Rhe1 Bb7 13. Nd5 Nxd5 14. Bxd5 Bxd5 15. Rxd5 f6 16. Nd2 Ke7 17. Nc4 Rhd8 18. Nxd6 cxd6 19. f3 Nc5 20. b3 Rac8 21. Kb2 Ne6 22.
Bf2 Rc6 23. Be3 g5 24. c4 Nf4 25. Rd2 h5 26. Ra1 h4 27. g3 hxg3 28. hxg3 Nh5 29. g4 Ng7 30. Rh1 Kf7 31. Rdh2 Rb8 32. Rh8 Rxh8 33. Rxh8 Ne8 34. Bg1 a5 35. Be3 Ke7 36. Rh7+ Kd8 37. Rb7 Kc8 38. Rxb6 Kc7 39. Rb5 Ra6 40.
Bd2 Ng7 41. Rxa5 Rxa5 42. Bxa5+ Kc6 43. Bd2 Ne6 44. Be3 Nc7 45. b4 Kb7 46. Kc3 Ne8 47.
c5 dxc5 48. Bxc5 Kc6 49. Kc4 Nc7 50. b5+ Kd7 51. a5 Ne6 52. a6 Kc7 53. Be7 Nf4 54. Bxf6 Ng2 55. Bxe5+ Kb6 56. Bd4+ Kc7 57. Bf2 Kc8 58. b6 Nf4 59. Bg3 Kb8 60. Bxf4+ Ka8 61. Bxg5 Kb8 62. Be3 Ka8 63. g5 Kb8 64. g6 Kc8 65.
Kd5 Kd7 66. b7 Ke7 67. b8=Q Kf6 68. Qe8 Kg7 69. Bf2 Kf6 70. Qf7+ Kg5 71. g7 Kh6 72.
Qf6+ Kh5 73. Qf5+ Kh6 74. Qg4 Kh7 75. a7 Kh6 76. a8=Q Kh7 77. e5 Kh6 78. e6 Kh7 79. e7 Kh6 80. f4 Kh7 81. f5 Kh6 82. f6 Kh7 83. f7 Kh6 84. f8=Q Kh7 85. e8=Q Kh6 86. Qed8 Kh7 87. g8=Q# 1-0

[Event "*** SCC Grand Prix: Titled Tuesday Blitz"]
[Site "Chess.com"]
[Date "2020.10.13"]
[Round "10"]
[White "Alexander_Zubov"]
[Black "Leonid_Starozhilov"]
[Result "1-0"]
[WhiteElo "2909"]
[BlackElo "2645"]
[TimeControl "180+1"]
[EndTime "11:57:02 PDT"]
[Termination "Alexander_Zubov won on time"]

1. e4 c5 2. Nf3 Nc6 3. d4 cxd4 4.
Nxd4 g6 5. c4 Bg7 6. Be3 d6 7. Nc3 Nf6 8. Be2 O-O 9. O-O Bd7 10.
Nb3 b6 11. f4 Rc8 12. Rc1 Ne8 13.
Kh1 Nc7 14. f5 Ne5 15. Nd4 a6 16. a4 a5 17. Bg5 h6 18. Bh4 g5 19. Bg3 Na6 20. b3 Nc5 21. h3 Bf6 22. Rb1 Na6 23. Qd2 Kg7 24. Bf2 Nb4 25. Be3 Qc7 26. Rbe1 Qb7 27.
Nd5 Nxd5 28. exd5 Rh8 29. Nf3 Nxf3 30. Rxf3 Be5 31. Bd4 f6 32. Ref1 Qc7 33. Qe3 Rb8 34. Bd3 Be8 35. Bc2 Bh5 36. R3f2 Bf7 37. Rd2 h5 38.
Rfd1 Rhd8 39. h4 g4 40. Bd3 Rh8 41. Be2 Bxd4 42. Rxd4 Qc5 43. Re1 Rb7 44. Bd3 Re8 45. Bc2 Rh8 46. Qf4 Rh7 47. Rde4 Kh8 48. Re6 Bxe6 49.
fxe6 Kg7 50. Bxh7 Kxh7 51. Qf5+ Kh6 52. Qf4+ Kg6 53. Kh2 Rb8 54. Rf1 Rh8 55. Kg3 Kg7 56. Qe4 Rh6 57. Rf5 Rh8 58. Qf4 Qb4 59. Qe3 Qc5 60. Kf2 Qxe3+ 61. Kxe3 Kg6 62. Rf1 f5 63. Kf4 Kf6 64. Rb1 Rc8 65. g3 Rc5 66. Ke3 Ke5 67. Re1 Rc8 68. Kd3+ Kf6 69. Rf1 Ke5 70. Re1+ Kf6 71.
Kd4 Rc5 72. Rf1 Rc8 73. Rf2 Ra8 74. Rb2 Ra7 75. Rf2 Ra8 76. Kc3 Rc8 77. b4 axb4+ 78.
Kxb4 Rb8 79. Kb5 Ke5 80. Rf4 Rb7 81. Kc6 Ra7 82. Kb5 Ra8 83. Kxb6 Rxa4 84. c5 1-0

[Event "*** SCC Grand Prix: Titled Tuesday Blitz"]
[Site "Chess.com"]
[Date "2020.10.13"]
[Round "10"]
[White "Harsha_Bharathakoti"]
[Black "Ginger_GM"]
[Result "1-0"]
[WhiteElo "2774"]
[BlackElo "2603"]
[TimeControl "180+1"]
[EndTime "11:57:11 PDT"]
[Termination "Harsha_Bharathakoti won on time"]

1. c4 f5 2. g3 Nf6 3. Bg2 e6 4.
Nc3 Be7 5. d4 O-O 6. Nh3 d6 7.
O-O e5 8. d5 h6 9. f4 a5 10.
Nf2 Na6 11. e4 Nc5 12. fxe5 dxe5 13. exf5 Bxf5 14. Be3 Qd7 15. Qd2 Rae8 16. Rae1 b6 17. b3 Bd6 18. Nb5 Nce4 19. Nxe4 Nxe4 20. Qe2 Bb4 21.
Rc1 Bg4 22. Qc2 Nd6 23. Nc3 Nf5 24. Bd2 Bc5+ 25. Kh1 Qf7 26. Ne4 Qh5 27. Rce1 Bd4 28. Qd3 Rf7 29. Bc3 Ref8 30. Bxd4 exd4 31. Kg1 Kh8 32.
Rf4 Ne3 33. Rxf7 Qxf7 34. Qxd4 Nc2 35. Qc3 Nxe1 36. Qxe1 Re8 37. Qf2 Qxf2+ 38. Kxf2 Bf5 39. Nc3 Kh7 40. Nb5 Re7 41. Bf3 g5 42. Nd4 Bb1 43. a4 Kg6 44. Be2 Kf6 45. Bf3 Bf5 46. Nc6 Re8 47. Bg2 h5 48. Bf3 h4 49. Be2 h3 50.
Bf3 g4 51. Be2 Kg5 52. Nd4 Be4 53. Ne6+ Kf6 54. Nxc7 Rf8 55. Ne6 Rf7 56. Ke3 Ke5 57. Bxg4 Rf1 58. Nf4 Re1+ 59. Kd2 Rh1 60. Bxh3 Rxh2+ 61. Ke3 Rb2 62. Be6 Rxb3+ 63. Kd2 Kd4 64. Ne2+ Ke5 65.
Nc3 Bf3 66. g4 Kd4 67. d6 Rxc3 68. d7 Rd3+ 69. Kc2 Ke3 70. Bd5 Bxd5 71. d8=Q Be4 72. Qxb6+ Ke2 73. Qe6 Re3+ 74. Kb2 Bd3 75. Qd5 Kd2 76. c5 Re4 77. c6 Rb4+ 78. Ka3 Kc3 79. Qe5+ Kc2 80. c7 Bc4 81. Qe4+ Kc3 82. Qe3+ Kc2 83.
Qf2+ Kc3 84. Qe1+ Kc2 85. Qxb4 axb4+ 86. Kxb4 Be6 87. g5 1-0

[Event "*** SCC Grand Prix: Titled Tuesday Blitz"]
[Site "Chess.com"]
[Date "2020.10.13"]
[Round "10"]
[White "karwowskikacper"]
[Black "MisiekZielony"]
[Result "0-1"]
[WhiteElo "2330"]
[BlackElo "2261"]
[TimeControl "180+1"]
[EndTime "11:57:15 PDT"]
[Termination "MisiekZielony won by resignation"]

1. f4 d5 2. Nf3 Nf6 3. e3 g6 4. b3 Bg7 5. Bb2 O-O 6. Be2 Bg4 7. O-O c6 8. Ne5 Bxe2 9. Qxe2 Nfd7 10. c4 Nxe5 11. fxe5 Nd7 12. d4 e6 13. Nd2 f6 14.
e4 fxe5 15. exd5 exd5 16. cxd5 cxd5 17. dxe5 Re8 18. Qf3 Nxe5 19. Bxe5 Bxe5 20. Rad1 Rf8 21. Qxf8+ Qxf8 22. Rxf8+ Rxf8 23. Nf3 Bc7 24. Rxd5 Bb6+ 25. Kf1 Rc8 26. Rd2 Ba5 27. Re2 Rc1+ 28. Kf2 Bb6+ 29.
Kg3 Rc7 30. Re4 Rc2 31. a4 Rb2 32. b4 a6 33. a5 Bc7+ 34. Kh3 Bd6 35. Rc4 Rxb4 36.
Rc8+ Kg7 37. Ng5 h6 38. Ne6+ Kf6 39. Nd8 Be7 40. Kg3 Rb5 41. h3 Bxd8 42. Rxd8 Rxa5 43. Rd6+ Kf5 44. Kf3 Ra3+ 45. Kf2 Rb3 46. g4+ Kf4 47.
Rxg6 Rxh3 48. Rb6 Kxg4 49. Rxb7 Ra3 50. Rg7+ Kf5 51. Rh7 Kg6 52. Rb7 h5 53. Kg2 Kg5 54. Rb8 h4 55. Kh2 Kf5 56. Rf8+ Ke6 57. Rh8 Kd5 58.
Rxh4 a5 59. Kg2 Kc5 60. Kf2 Rd3 61. Ke2 Rd5 62. Rh8 Kb4 63. Rh4+ Kb3 64. Rh8 a4 65.
Rb8+ Kc3 66. Ra8 Kb3 67. Rb8+ Ka2 68. Ke1 a3 69. Ke2 Ka1 70. Ke1 Rd4 71. Ke2 Ka2 72. Ke1 Rd6 73. Ke2 Rd7 74. Rb6 Rd5 75. Rb8 Ka1 76.
Rb7 a2 77. Rb6 Rd8 78. Rb7 Rh8 79. Rb6 Rh1 80. Kd2 Rb1 81. Rc6 Rb2+ 82. Kc3 Kb1 83.
Ra6 Rc2+ 84. Kb3 Rb2+ 85. Kc3 a1=Q 86. Rxa1+ Kxa1 0-1

[Event "*** SCC Grand Prix: Titled Tuesday Blitz"]
[Site "Chess.com"]
[Date "2020.10.13"]
[Round "10"]
[White "LionTheLeon_06"]
[Black "VerdeNotte"]
[Result "0-1"]
[WhiteElo "2640"]
[BlackElo "2825"]
[TimeControl "180+1"]
[EndTime "11:57:24 PDT"]
[Termination "VerdeNotte won by resignation"]

1. Nf3 d5 2. c4 dxc4 3. Qa4+ c6 4. Qxc4 Be6 5. Qc2 g6 6. d4 Bg7 7. Nc3 Na6 8. Bf4 Nb4 9. Qa4 a5 10. a3 Nd5 11. Nxd5 Bxd5 12. e3 Nf6 13. Be2 O-O 14. h3 b5 15. Qc2 Be4 16. Qd1 Nd5 17. Bg3 c5 18. O-O Bxf3 19. Bxf3 cxd4 20. exd4 Rc8 21.
Qb3 e6 22. Qxb5 Bxd4 23. Rad1 Rc5 24. Qb3 Qf6 25. Rd2 Rfc8 26. Rfd1 Rc1 27. Bxd5 exd5 28. Qxd5 Bxb2 29. a4 R1c5 30. Qb7 Bc3 31. Rd6 Qf5 32.
Rd8+ Kg7 33. Qe7 Kh6 34. Qh4+ Kg7 35. Qe7 Kh6 36. h4 Bf6 37. Qf8+ Bg7 38. Qe8 Rxd8 39. Qe3+ g5 40. Rxd8 Kg6 41. Rd6+ f6 42. hxg5 Qxg5 43. Qe4+ Qf5 44. Qe8+ Kh6 45. Qe3+ Kg6 46. Qe8+ Kh6 47. Qe3+ Kh5 48. Rd1 Rc8 49. Qe2+ Kg6 50. Qe3 h5 51. Re1 Bh6 52. Qe2 Bf4 53. Bxf4 Qxf4 54. g3 Qf5 55. Qe3 Rc2 56. Kg2 Ra2 57. Qe4 Qxe4+ 58.
Rxe4 Kf5 59. Rf4+ Ke5 60. Rh4 f5 61. Rxh5 Rxa4 62. Rh8 Ra2 63. Re8+ Kf6 64. Ra8 Ke5 65. Re8+ Kd4 66. Ra8 a4 67. Kf3 Kd3 68. Ra5 a3 69. Rxf5 Ra1 70. Ra5 Kc4 71. Ra8 Kb4 72. g4 Rg1 73.
Rb8+ Kc3 74. Rc8+ Kb2 75. Rb8+ Kc2 76. Ra8 Kb2 77. Kf4 a2 78. Rb8+ Kc3 79. Rc8+ Kd4 80. Rd8+ Kc5 81. Ra8 a1=Q 82. Rxa1 Rxa1 83. Ke5 Re1+ 84. Kf5 Kd6 85. g5 Ke7 86. f4 Kf8 87. Kg6 Re6+ 88. Kh5 Ra6 89. f5 Kg7 90. Kg4 Ra4+ 91.
Kg3 Rb4 92. Kf3 Kf7 93. Kg3 Ke7 94. Kf3 Kd6 95. g6 Ke5 96. g7 Rb8 97. Kg4 Kf6 0-1